 Dungeon Crawl Stone Soup version 0.22-a0-231-g1b571ea (webtiles) character file.

773 pkoi the Carver (level 7, -10/56 (57) HPs)
             Began as a Minotaur Gladiator on Feb 21, 2018.
             Was a Priest of Zin.
             Mangled by an orc warrior
             ... wielding a +0 dire flail
              (12 damage)
             ... on level 5 of the Dungeon.
             The game lasted 00:06:52 (5378 turns).

pkoi the Carver (Minotaur Gladiator)                Turns: 5378, Time: 00:06:52

HP:   -10/56 (57)   AC:  9    Str: 19    XL:     7   Next: 53%
MP:   10/10         EV:  8    Int:  3    God:    Zin [***...]
Gold: 281           SH:  0    Dex: 11    Spells: 6/6 levels left

rFire    . . .     SeeInvis .   l - +0 great sword
rCold    + . .     Gourm    .   (shield currently unavailable)
rNeg     . . .     Faith    .   w - +0 chain mail
rPois    .         Spirit   .   c - +1 hat
rElec    .         Reflect  .   (no cloak)
rCorr    .         Harm     .   (no gloves)
MR       .....                  (no boots)
Stlth    ..........             r - amulet of the acrobat
HPRegen  0.18/turn              b - ring of protection from cold
MPRegen  0.12/turn              (no ring)

@: no status effects
A: retaliatory headbutt, horns 2, dopey 1, high mp 1, mutation resistance 1,
weak 1
a: Recite, Vitalisation, Imprison, Donate Gold, Renounce Religion


You were on level 5 of the Dungeon.
You worshipped Zin.
Zin was most pleased with you.
You were hungry.

You visited 1 branch of the dungeon, and saw 6 of its levels.

You collected 312 gold pieces.
You donated 31 gold pieces to Zin.

Inventory:

Hand Weapons
 a - a +1 long sword
 l - a +0 great sword (weapon)
Missiles
 d - 3 throwing nets (quivered)
 e - 3 poisoned tomahawks
Armour
 c - a +1 hat (worn)
 w - a +0 chain mail (worn)
Jewellery
 b - a ring of protection from cold (left hand)
 r - an amulet of the acrobat (around neck)
Scrolls
 h - a scroll of enchant armour
 j - a scroll of fear
 k - 7 scrolls of identify
 m - 4 scrolls of remove curse
 o - a scroll of fog
 p - 2 scrolls of magic mapping
 s - a scroll of silence {unknown}
 v - a scroll of teleportation
Potions
 g - a potion of magic {unknown}
 i - a potion of flight
 n - a potion of invisibility {unknown}
 q - a potion of curing
 t - 2 potions of might
 u - a potion of heal wounds
Comestibles
 f - 12 rations


   Skills:
 + Level 3.3 Fighting
 + Level 8.4 Long Blades
 - Level 2.0 Throwing
 + Level 2.0 Armour
 + Level 3.9 Dodging
 + Level 4.3 Invocations


You had 6 spell levels left.
You didn't know any spells.

Dungeon Overview and Level Annotations

Branches:
Dungeon (6/15)
 Temple: D:4-7

Altars:
Dithmenos
Makhleb
Qazlal
Trog
Vehumet
Xom
Zin
The Shining One


Innate Abilities, Weirdness & Mutations

You reflexively headbutt those who attack you in melee.
You have a pair of horns on your head.
You are dopey. (Int -2)
You have an increased reservoir of magic. (+10% MP)
You are somewhat resistant to further mutation.
You are weak. (Str -2)


Message History

You are too injured to fight recklessly!
You barely miss the orc warrior.
The orc warrior hits you but does no damage.
You hit the orc warrior.
The orc warrior is lightly wounded.
The orc warrior hits you with a dire flail!
* * * LOW HITPOINT WARNING * * *
The orc warrior hits you with a dire flail!
* * * LOW HITPOINT WARNING * * *
You climb upwards.
There is a stone staircase leading down here.
Unknown command.
You closely miss the orc warrior. Your headbutt misses the orc warrior.
The orc warrior is lightly wounded.
The orc warrior hits you with a dire flail!
* * * LOW HITPOINT WARNING * * *
You slash the orc warrior!
The orc warrior is heavily wounded.
The orc warrior hits you with a dire flail!
You die...

#. #. #########.
#########......##.
#...............'.
#.####.........##.
#.##.+.........##.
#o##.#.........##.
#@)............##.
##[#.#.........##[
#.#.#.........###
#.#.######....#
#.#.######....#
#########
#.#........(..#
#.......#
#.#######.#<#.##
#.......####.#
#.#.#..#
#.......'.##.#
#.#.#..#


You could see an orc warrior.

Vanquished Creatures
  An orc warrior (D:5)
  A necrophage (D:5)
  An ogre (D:4)
  A scorpion (D:5)
  A howler monkey (D:5)
  A crimson imp (D:4)
  A bullfrog skeleton (D:4)
  A jelly (D:5)
  An orc priest (D:5)
  An orc wizard (D:5)
  A worker ant (D:4)
  8 gnolls
  3 adders
  A shadow imp (D:5)
  An adder skeleton (D:4)
  5 worms
  5 dart slugs
  3 leopard geckos
  8 orcs
  10 bats
  7 giant cockroaches
  6 goblins
  10 hobgoblins
  2 jackals (D:2)
  8 kobolds
  2 quokkas
  2 ball pythons (D:3)
  5 frilled lizards
  A jackal skeleton (D:5)
  13 rats
111 creatures vanquished.

Notes
Turn   | Place    | Note
-------+----------+-------------------------------------------
     0 | D:1      | pkoi the Minotaur Gladiator began the quest for the Orb.
     0 | D:1      | Reached XP level 1. HP: 18/18 MP: 0/0
    50 | D:1      | Reached skill level 4 in Long Blades
    50 | D:1      | Reached XP level 2. HP: 23/25 MP: 1/1
   275 | D:1      | Reached skill level 5 in Long Blades
   290 | D:1      | Reached XP level 3. HP: 29/30 MP: 2/2
   838 | D:2      | Found a radiant altar of Vehumet.
   918 | D:2      | Gained mutation: You have an increased reservoir of magic. (+10% MP) [potion of mutation]
   918 | D:2      | Gained mutation: You are dopey. (Int -2) [potion of mutation]
   918 | D:2      | Gained mutation: You are weak. (Str -2) [potion of mutation]
   918 | D:2      | Gained mutation: You are somewhat resistant to further mutation. [potion of mutation]
  1221 | D:2      | Reached XP level 4. HP: 37/37 MP: 3/3
  1256 | D:2      | Reached skill level 6 in Long Blades
  1364 | D:2      | Found a glowing silver altar of Zin.
  1364 | D:2      | Noticed an angel
  1486 | D:2      | Found a shadowy altar of Dithmenos.
  1908 | D:2      | Became a worshipper of Zin the Law-Giver
  1908 | D:2      | Reached * piety under Zin
  1964 | D:3      | Found a glowing golden altar of the Shining One.
  2332 | D:3      | Found a bloodstained altar of Trog.
  2377 | D:3      | Reached skill level 1 in Invocations
  2380 | D:3      | Reached XP level 5. HP: 36/42 MP: 5/5
  2638 | D:3      | Reached ** piety under Zin
  3029 | D:4      | Reached skill level 7 in Long Blades
  3359 | D:4      | Found a stormy altar of Qazlal.
  3582 | D:4      | Found a shimmering altar of Xom.
  3582 | D:4      | Found a burning altar of Makhleb.
  3610 | D:4      | Reached XP level 6. HP: 30/50 MP: 7/7
  4189 | D:5      | Entered Level 5 of the Dungeon
  4334 | D:5      | Reached skill level 8 in Long Blades
  4441 | D:5      | Reached *** piety under Zin
  4539 | D:5      | Reached XP level 7. HP: 45/55 MP: 10/10
  4764 | D:5      | Reached skill level 1 in Armour
  5377 | D:5      | HP: 2/56 [orc warrior/dire flail (10)]
  5378 | D:5      | Mangled by an orc warrior

Vault maps used:
D:1:      dpeg_arrival_ratfight, grunt_decor_fettered, minmay_small_reverse_x
D:2:      zin_angel, lemuel_coloured_pillars_altar, overflow_temple_1_default,
          uniq_crazy_yiuf_cottage
D:3:      lemuel_doored_altar, old_standard_altar, first_ration
D:4:      grunt_temple_overflow_champion_of_chaos, grunt_qazlal_sundering
D:6:      old_standard_altar, temple_doors_e, uniq_prince_ribbit1, uniq_duvessa,
          uniq_menkaure

Skill      XL: |  1  2  3  4  5  6  7 |
---------------+----------------------+-----
Long Blades    | 4 5 6 7 8 |  8.4
Invocations    | 1 2 4 |  4.3
Armour         | 2 |  2.0
Fighting       | 3 |  3.3
Throwing       | |  2.0
Dodging        | |  3.9

Action                   |  1- 3 |  4- 6 |  7- 9 || total
-------------------------+-------+-------+-------++-------
Melee: Long sword        |    68 |       |       ||    68
       Headbutt          |    16 |    32 |     1 ||    49
       Great sword       |     3 |   162 |    17 ||   182
  Use: Scroll            |     8 |     2 |       ||    10
       Potion            |     5 |     2 |       ||     7
 Stab: Sleeping          |     1 |       |       ||     1
  Eat: Chunk             |     1 |     8 |     1 ||    10
       Ration            |       |     1 |       ||     1
Armor: Leather armour    |    15 |       |       ||    15
       Chain mail        |     6 |    87 |    12 ||   105
Dodge: Dodged            |    48 |    94 |     8 ||   150
       Rpst.: Long sword |    10 |       |       ||    10
       Great sword       |       |    22 |     2 ||    24

Table legend:
 A = Spawn XP
 B = Non-spawn XP
 C = Spawn XP percentage of total XP
 D = Spawn monster count
 E = Non-spawn monster count
 F = Spawn count percentage of total count
 G = Total turns spent on level
                    A         B        C        D         E        F      G
               +---------+---------+-------+---------+---------+-------+---------
         Total |       0 |    1105 |   0.0 |       0 |     111 |   0.0 |  5378
               +---------+---------+-------+---------+---------+-------+---------
           D:1 |       0 |      55 |   0.0 |       0 |      25 |   0.0 |   740
           D:2 |       0 |      80 |   0.0 |       0 |      26 |   0.0 |  1190
           D:3 |       0 |     104 |   0.0 |       0 |      33 |   0.0 |  1045
           D:4 |       0 |     326 |   0.0 |       0 |      14 |   0.0 |  1214
           D:5 |       0 |     534 |   0.0 |       0 |      11 |   0.0 |  1072
           D:6 |       0 |       6 |   0.0 |       0 |       2 |   0.0 |   117
               +---------+---------+-------+---------+---------+-------+---------
